 Dungeon Crawl Stone Soup version 0.25.1-2-g60ff931df9 (webtiles) character file.

Game seed: 14423496673430320496

151 IcyTea the Chiller (level 5, -2/38 HPs)
             Began as a Draconian Ice Elementalist on Nov 15, 2020.
             Slain by Pikel
             ... wielding a +2 whip of freezing
              (3 damage)
             ... on level 4 of the Dungeon.
             The game lasted 00:13:51 (3310 turns).

IcyTea the Chiller (Draconian Ice Elementalist)     Turns: 3310, Time: 00:13:53

Health: -2/38      AC:  5    Str: 10    XL:     5   Next: 11%
Magic:  6/9        EV: 12    Int: 17    God:
Gold:   171        SH:  0    Dex: 11    Spells: 1/9 levels left

rFire    . . .     SeeInvis .   n - +0 mace
rCold    . . .     Gourm    .   (no shield)
rNeg     . . .     Faith    .   (armour unavailable)
rPois    +         Spirit   .   (helmet restricted)
rElec    .         Reflect  .   (no cloak)
rCorr    .         Harm     .   (no gloves)
MR       .....                  (no boots)
Stlth    ++........             (no amulet)
HPRegen  0.12/turn              j - ring of poison resistance
MPRegen  0.11/turn              (no ring)

@: frozen ramparts, slowed, very slow
A: unfitting armour, cold-blooded, AC +5
a: no special abilities


You were on level 4 of the Dungeon.
You were not hungry.

You visited 1 branch of the dungeon, and saw 4 of its levels.

You collected 171 gold pieces.

Inventory:

Hand Weapons
 n - a +0 mace (weapon)
Missiles
 a - 25 poisoned darts (quivered)
 m - 5 silver javelins
Magical Staves
 g - an uncursed staff of earth
Jewellery
 j - a ring of poison resistance (left hand)
Wands
 c - a wand of flame (12)
Scrolls
 d - 3 scrolls of blinking
 f - a scroll of enchant weapon {unknown}
 h - a scroll of amnesia {unknown}
 k - a scroll of fog {unknown}
 o - a scroll of noise {unknown}
 q - a scroll of immolation {unknown}
 s - 3 scrolls of remove curse
 t - a scroll of identify
Potions
 e - a potion of lignification {unknown}
 i - a potion of magic {unknown}
 l - a potion of cancellation {unknown}
 p - 2 potions of stabbing {unknown}
 r - 2 potions of degeneration {unknown}
Comestibles
 b - 6 rations


   Skills:
 - Level 1.7 Dodging
 - Level 1.7 Stealth
 + Level 2.9 Spellcasting
 - Level 6.0 Ice Magic


You had one spell level left.
You knew the following spells:

 Your Spells              Type           Power        Failure   Level  Hunger
a - Freeze                Ice            ###.         1%          1    #......
b - Frozen Ramparts       Ice            ###...       4%          3    ###....
c - Hailstorm             Conj/Ice       ##......     45%         4    #####..

Your spell library contained the following spells:

 Spells                   Type           Power        Failure   Level  Hunger
 Beastly Appendage        Tmut           #.....       19%         1    #......
 Ozocubu's Armour         Chrm/Ice       ##......     16%         3    ###....
 Sticks to Snakes         Tmut           #.......     26%         2    ##.....
 Ice Form                 Ice/Tmut       ##......     45%         4    #####..
 Summon Ice Beast         Ice/Summ       ##......     45%         4    #####..
 Spider Form              Tmut/Pois      #.........   47%         3    ###....
 Blade Hands              Tmut           #.........   99%         5    ######.


Dungeon Overview and Level Annotations

Branches:
Dungeon (4/15)
 Temple: D:4-7

Altars:
Qazlal
Uskayaw
Zin

Annotations:
D:3 3 runed translucent doors, Allula97's ghost, amateur DsMo; Quickbrownfox's ghost, amateur MfVM; ciphuk's ghost, amateur TrMo
D:4 Pikel


Innate Abilities, Weirdness & Mutations

Your plain brown scales are hard. (AC +5)
You cannot fit into any form of body armour.
You are cold-blooded and may be slowed by cold attacks.


Message History

* * * LOW HITPOINT WARNING * * *
Pikel closely misses you.
Sorry, you're not good enough to have a special ability.
Pikel misses you. Pikel misses you.
Casting: Freeze (safe; 1% risk of failure)
Confirm with . or Enter, or press ? or * to list all spells.
Aiming: Freeze (safe; 1% risk of failure)
Press: ? - help, Shift-Dir - straight line, f - Pikel
Aim: Pikel, wielding a +2 whip of freezing and wearing a +1 robe of positive energy (fast)
Okay, then.
Sorry, you're not good enough to have a special ability.
Casting: Freeze (safe; 1% risk of failure)
Confirm with . or Enter, or press ? or * to list all spells.
The walls around you are covered in ice.
The wall freezes Pikel.
Pikel hits you with a +2 whip of freezing.
* * * LOW HITPOINT WARNING * * *
Pikel freezes you.
You die...

### p#p# #.. ... #.# #.#
#.####.####### #
###..........##. #.
#...p###.....#.< .###.###
#.8..._.(.8.....
.<..>..######....[[.....##..
#.....@Kp8p......8.....
#.#####.............### #.#
##.8.......8..# #.#
#............# #.#
#####.######## #.# #.# #.#
#.. #.# ##.# #.#


You could see Pikel (fast) and 3 slaves.

Vanquished Creatures
  A slave (D:3)
  A scorpion (D:4)
  Jessica (D:3)
  An adder (D:2)
  2 worms (D:3)
  A dart slug (D:1)
  2 leopard geckos (D:1)
  An orc (D:4)
  2 ball pythons
  5 bats
  3 giant cockroaches
  4 goblins
  3 hobgoblins
  7 jackals
  2 quokkas
  3 frilled lizards
  10 kobolds
  8 rats
57 creatures vanquished.

Notes
Turn   | Place    | Note
-------+----------+-------------------------------------------
     0 | D:1      | IcyTea the Draconian Ice Elementalist began the quest for
                  | the Orb.
     0 | D:1      | Reached XP level 1. HP: 14/14 MP: 3/3
   309 | D:1      | Reached XP level 2. HP: 20/20 MP: 3/5
   695 | D:1      | Reached skill level 5 in Ice Magic
   715 | D:1      | Reached XP level 3. HP: 26/26 MP: 6/6
   721 | D:1      | Learned a level 3 spell: Frozen Ramparts
  2089 | D:3      | Found a stormy altar of Qazlal.
  2374 | D:3      | Found a glowing silver altar of Zin.
  2528 | D:3      | Found a runed translucent gate.
  2529 | D:3      | Found a runed translucent gate.
  2529 | D:3      | Found a runed translucent gate.
  2529 | D:3      | Noticed Quickbrownfox's ghost (amateur MfVM)
  2529 | D:3      | Noticed ciphuk's ghost (amateur TrMo)
  2530 | D:3      | Noticed Allula97's ghost (amateur DsMo)
  2655 | D:3      | Reached XP level 4. HP: 30/33 MP: 7/7
  2796 | D:3      | Noticed Jessica
  2803 | D:3      | Killed Jessica
  2803 | D:3      | Reached skill level 6 in Ice Magic
  3041 | D:4      | Found a hide-covered altar of Uskayaw.
  3043 | D:4      | Noticed a slave
  3044 | D:4      | Noticed a slave
  3044 | D:4      | Noticed a slave
  3044 | D:4      | Noticed a slave
  3044 | D:4      | Noticed Pikel
  3060 | D:3      | Killed a slave
  3236 | D:4      | Reached XP level 5. HP: 30/38 MP: 3/9
  3242 | D:4      | Learned a level 4 spell: Hailstorm
  3310 | D:4      | HP: 1/38 [Pikel/+2 whip of freezing (6)]
  3310 | D:4      | Slain by Pikel

Illustrated notes

Levels and vault maps discovered:
D:1:      dpeg_arrival_more_subterranean_lakeside_camping, layout_basic,
          minmay_misc_feat_doors, minmay_pentomino_u2
D:2:      layout_basic, first_ration, nrook_loot_triangle
D:3:      layout_loops_cross, zin_treasury, nicolae_qazlal_general_emergency,
          gammafunk_ghost_cemetery, st_stairs_4, grunt_decor_arrowhead,
          dk_noncrumbling_4, minmay_quantized, uniq_jessica
D:4:      layout_loops_ring, lemuel_doored_altar, kennysheep_mini,
          eat_drink_and_be_merry_uskayaw, minmay_temple_entry_fiery, uniq_pikel

Skill      XL: |  1  2  3  4 |
---------------+-------------+-----
Ice Magic      | 5 6 |  6.0
Dodging        | |  1.7
Stealth        | |  1.7
Spellcasting   | |  2.9

Action                   |  1- 3 |  4- 6 || total
-------------------------+-------+-------++-------
Melee: Dagger            |     4 |       ||     4
       Short sword       |    44 |       ||    44
       Unarmed           |     1 |       ||     1
       Tailslap          |     5 |     1 ||     6
       Mace              |    35 |    16 ||    51
Throw: Dart              |    54 |       ||    54
 Cast: Freeze            |    26 |    12 ||    38
       Frozen Ramparts   |     3 |     3 ||     6
  Use: Scroll            |     2 |     4 ||     6
       Potion            |       |     1 ||     1
 Stab: Sleeping          |     1 |     1 ||     2
  Eat: Chunk             |     6 |     3 ||     9
Armor: Skin              |    36 |    12 ||    48
Dodge: Dodged            |    78 |    24 ||   102
